 Dungeon Crawl Stone Soup version 0.28-a0-706-gf6f64a616a (webtiles) character file.

Game seed: 6395049595082983962

1646 Demosthentine the Spear-Bearer (level 8, -2/60 (64) HPs)
             Began as a Merfolk Gladiator on Oct 25, 2021.
             Was a Follower of the Shining One.
             Slain by a wight (11 damage)
             ... on level 5 of the Dungeon.
             The game lasted 00:06:08 (5959 turns).

Demosthentine the Spear-Bearer (Merfolk Gladiator)  Turns: 5959, Time: 00:06:09

HP:   -2/60 (64)    AC:  8    Str: 16    XL:     8   Next: 99%
MP:   17/17         EV: 16    Int:  7    God:    the Shining One [*.....]
Gold: 257           SH:  0    Dex: 16    Spells: 7/7 levels left

rFire   . . .      SeeInvis .   a - +0 trident
rCold   . . .      Faith    .   (no shield)
rNeg    . . .      Spirit   .   u - +1 leather armour {rPois}
rPois   +          Reflect  .   c - +0 helmet
rElec   .          Harm     .   (no cloak)
rCorr   .          Rampage  .   o - +0 pair of gloves
Will    .....                   g - +0 pair of boots
Stlth   +.........              e - amulet of regeneration
HPRegen 1.20/turn               n - ring of magical power
MPRegen 0.15/turn               (no ring)

@: glowing, studying Shields, drained
A: (nimble swimmer 2), mertail
a: Renounce Religion


You were on level 5 of the Dungeon.
You worshipped the Shining One.
The Shining One was aware of your devotion.
You visited 2 branches of the dungeon, and saw 7 of its levels.

You collected 332 gold pieces.
You spent 75 gold pieces at shops.

Inventory:

Hand Weapons
 a - a +0 trident (weapon)
Missiles
 d - 2 throwing nets (quivered)
Armour
 c - a +0 helmet (worn)
 g - a +0 pair of boots (worn)
 o - a +0 pair of gloves (worn)
 u - a +1 leather armour of poison resistance (worn)
Jewellery
 e - an amulet of regeneration (around neck)
 f - an amulet of reflection
 n - a ring of magical power (left hand)
Wands
 k - a wand of flame (11)
 l - a wand of acid (14)
Scrolls
 b - a scroll of identify
 s - a scroll of fog
Potions
 h - 3 potions of curing
 i - 3 potions of heal wounds {unknown}
 j - 2 potions of lignification
 m - 2 potions of might
 p - a potion of haste
 q - a potion of brilliance


   Skills:
 + Level 6.2 Fighting
 + Level 8.9 Polearms
 - Level 2.0 Throwing
 + Level 3.8 Armour
 + Level 8.1 Dodging
 + Level 3.1 Shields


You had 7 spell levels left.
You didn't know any spells.
Your spell library contained the following spells:

 Spells                   Type           Power      Damage    Failure   Level
 Animate Skeleton         Necr           0%         N/A       50%         1
 Apportation              Tloc           0%         N/A       50%         1
 Summon Small Mammal      Summ           0%         N/A       50%         1
 Slow                     Hex            0%         N/A       63%         2
 Confusing Touch          Hex            0%         N/A       86%         3
 Tukima's Dance           Hex            0%         N/A       86%         3
 Vampiric Draining        Necr           0%         2d6       86%         3
 Passage of Golubria      Tloc           0%         N/A       99%         4
 Yara's Violent Unravell  Hex/Tmut       0%         3d3       100%        5


Dungeon Overview and Level Annotations

Branches:
Dungeon (6/15)             Temple (1/1) D:5

Altars:
Ashenzari
Cheibriados
Elyvilon
Fedhas
Gozag
Hepliaklqana
Kikubaaqudgha
Makhleb
Okawaru
Qazlal
Ru
Sif Muna
Trog
Uskayaw
Vehumet
Wu Jian
Xom
Yredelemnul
The Shining One

Shops:
D:5 *

Annotations:
D:4 2 transporters, a11behringer's ghost, amateur FoFi


Innate Abilities, Weirdness & Mutations

((You are quick and stealthy near water. (Stealth+, EV+, Speed+++)))
Your lower body shifts to a powerful aquatic tail in water.


Message History

The wight hits you with a +2 scimitar of protection.
* * * LOW HITPOINT WARNING * * *
You hit the wight.
The wight is lightly damaged.
Unknown command.
You feel better. The wight completely misses you. The wight closely misses you.
You hit the wight.
The wight is heavily damaged.
The wight hits you with a +3 battleaxe.
* * * LOW HITPOINT WARNING * * *
The wight misses you.
You hit the wight but do no damage.
The wight is heavily damaged.
The wight closely misses you. The wight barely misses you.
You hit the wight.
The wight is severely damaged.
The wight completely misses you. x2
You hit the wight.
You destroy the wight!
The Shining One accepts your kill.
You feel better.
Your life force feels restored.
You barely miss the wight. You barely miss the wight.
The wight barely misses you.
You hit the wight.
The wight is moderately damaged.
The wight hits you but does no damage.
The wight hits you with a +2 scimitar of protection!
* * * LOW HITPOINT WARNING * * *
You feel drained.
* * * LOW HITPOINT WARNING * * *
You feel better. The wight misses you. x2
You hit the wight.
The wight is heavily damaged.
The wight hits you with a +0 short sword.
* * * LOW HITPOINT WARNING * * *
You feel drained.
* * * LOW HITPOINT WARNING * * *
The wight hits you with a +2 scimitar of protection!
You die...

########...##
.......#.###
######.#.#
.......#.#
.......#.#
.......#.#
.......#.#
.#####.#.#########
..∩............z@#
.#...#.........#z#
##.#.#...#####.#.#
...#[#.#.###.#[#.#
.###)#.......#.#.#
.# #)####.##.#.#.#
.# #.# #..#.#.#.#
## #.# ##.#.#.#.#
#.#####...#.#.#


You could see 2 wights.

Vanquished Creatures
  Grinder (D:3)
  A wyvern (D:4)
  A sky beast (D:5)
  2 ogres (D:4)
  3 necrophages
  A phantom (D:4)
  A scorpion (D:4)
  2 wights (D:5)
  A jelly (D:5)
  An orc priest (D:4)
  5 iguanas
  A bullfrog skeleton (D:5)
  An orc wizard (D:5)
  Robin (D:4)
  11 gnolls
  8 adders
  3 worms
  2 dart slugs
  14 orcs
  6 bats
  13 endoplasms
  5 giant cockroaches
  14 goblins
  9 hobgoblins
  3 quokkas
  8 ball pythons
  4 frilled lizards (D:2)
  5 kobolds
  16 rats
143 creatures vanquished.

Notes
Turn   | Place    | Note
-------+----------+-------------------------------------------
     0 | D:1      | Demosthentine the Merfolk Gladiator began the quest for the
                  | Orb.
     0 | D:1      | Reached XP level 1. HP: 16/16 MP: 1/1
    19 | D:1      | Found a faded altar of an unknown god.
   185 | D:1      | Reached XP level 2. HP: 23/23 MP: 2/2
   712 | D:1      | Reached XP level 3. HP: 28/28 MP: 3/3
  1214 | D:2      | Reached skill level 5 in Polearms
  1395 | D:2      | Reached skill level 1 in Armour
  1825 | D:2      | Reached XP level 4. HP: 35/35 MP: 4/4
  2433 | D:2      | Reached skill level 5 in Dodging
  2433 | D:2      | Reached XP level 5. HP: 16/41 MP: 5/5
  2846 | D:3      | Found a hazy altar of Hepliaklqana.
  3090 | D:3      | Noticed Grinder
  3102 | D:3      | Paralysed by Grinder for 6 turns
  3119 | D:3      | Killed Grinder
  3120 | D:3      | Reached XP level 6. HP: 19/48 MP: 6/6
  3697 | D:4      | Noticed a necrophage
  3719 | D:4      | Killed a necrophage
  3720 | D:4      | Reached XP level 7. HP: 50/55 MP: 7/7
  4004 | D:4      | Noticed Robin
  4012 | D:4      | Killed Robin
  4052 | D:4      | Reached skill level 5 in Fighting
  4205 | D:4      | Noticed a wyvern
  4229 | D:4      | Killed a wyvern
  4230 | D:4      | Reached XP level 8. HP: 31/63 MP: 8/8
  4423 | D:4      | Noticed a11behringer's ghost (amateur FoFi)
  4436 | D:4      | Found a transporter.
  4456 | D:4      | Found a transporter.
  4766 | D:5      | Entered Level 5 of the Dungeon
  4844 | D:5      | Found Plog's General Store.
  4901 | D:5      | Bought a scroll of teleportation for 45 gold pieces
  4901 | D:5      | Bought a scroll of fog for 30 gold pieces
  4921 | D:5      | Found a staircase to the Ecumenical Temple.
  4926 | D:5      | Reached skill level 1 in Shields
  4946 | Temple   | Entered the Ecumenical Temple
  5120 | Temple   | Became a worshipper of the Shining One
  5290 | D:5      | Found a radiant altar of Vehumet.
  5489 | D:5      | Found a snail-covered altar of Cheibriados.
  5799 | D:6      | Reached * piety under the Shining One
  5959 | D:5      | Slain by a wight

Illustrated notes

Levels and vault maps discovered:
D:1:      wheals_arrival_shading, layout_basic,
          hellmonk_ecumenical_altar_run_dry
D:2:      layout_basic, minmay_rat_gold_closets
D:3:      minmay_general_purpose_star, layout_loops_ring,
          mainiacjoe_overflow_six_doors_small, minmay_misc_feat_square,
          minivault_24, uniq_grinder
D:4:      layout_loops_ring, gammafunk_ghost_stat_death, minmay_manual_maat,
          uniq_robin
D:5:      layout_basic, kennysheep_mini, mainiacjoe_overflow_cross_hatched,
          minmay_temple_entry_arrows, serial_shops, shop
D:6:      layout_cave_pools, nemelex_dance_club_becter
Temple:   eino_temple_scatter_basement

Skill      XL: |  1  2  3  4  5  6  7  8 |
---------------+-------------------------+-----
Polearms       | 5 6 7 8 |  8.9
Armour         | 1 2 3 |  3.8
Fighting       | 3 4 5 6 |  6.2
Dodging        | 5 6 7 8 |  8.1
Shields        | 3 |  3.1
Throwing       | |  2.0

Action                   |  1- 3 |  4- 6 |  7- 9 || total
-------------------------+-------+-------+-------++-------
Melee: Trident           |   114 |   177 |   332 ||   623
Throw: Throwing net      |       |       |     1 ||     1
  Use: Scroll            |       |     2 |     5 ||     7
       Potion            |       |     1 |     2 ||     3
 Stab: Sleeping          |     6 |     5 |       ||    11
       Held in net/web   |       |       |     2 ||     2
Armor: Leather armour    |    26 |    21 |    52 ||    99
Dodge: Dodged            |    42 |    86 |   192 ||   320

Table legend: (Time is in decaauts)
 A = Elapsed time spent in this place.
 B = Non-inter-level travel time spent in this place.
 C = Inter-level travel time spent in this place.
 D = Time resting spent in this place.
 E = Time spent auto-exploring this place.
 F = Levels seen in this place.
 G = Mean time per level.
                   A        B        C        D        E       F      G
               +--------+--------+--------+--------+--------+-----+--------+
         Total |   5937 |   5881 |     56 |     23 |   4568 |   7 |  848.1 |
       Dungeon |   5745 |   5689 |     56 |     23 |   4440 |   6 |  957.5 |
        Temple |    191 |    191 |      0 |      0 |    128 |   1 |  191.0 |
               +--------+--------+--------+--------+--------+-----+--------+

Top non-repeatable levels by time:
     D:2: 1679 daAuts
     D:1: 1155 daAuts
     D:4: 1053 daAuts
     D:3: 872 daAuts
     D:5: 849 daAuts
  Temple: 191 daAuts
     D:6: 135 daAuts
